 Dungeon Crawl Stone Soup version 0.17.0-28-g6e173f8 (webtiles) character file.

77 lorenzova the Conjurer (level 4, 0/24 HPs)
             Began as a Deep Elf Conjurer on Nov 29, 2015.
             Slain by Purgy (6 damage)
             ... on level 3 of the Dungeon on Nov 30, 2015.
             The game lasted 00:06:11 (2380 turns).

lorenzova the Conjurer (Deep Elf Conjurer)          Turns: 2380, Time: 00:06:12

Health: 0/24       AC:  2    Str:  5    XL:     4   Next: 14%
Magic:  0/12       EV: 13    Int: 21    God:
Gold:   68         SH:  0    Dex: 15    Spells: 2 memorised, 6 levels left

rFire  . . .     SeeInvis .     o - +1 short sword (venom)
rCold  . . .     Clarity  .     a - +0 robe
rNeg   . . .     SustAt   .     (no shield)
rPois  .         Gourm    .     (no helmet)
rElec  .         Spirit   .     (no cloak)
rCorr  .         Warding  .     (no gloves)
rMut   .         Stasis   .     (no boots)
MR     .....                    (no amulet)
Stlth  ++........               (no ring)
                                (no ring)

@: not resistant to hostile enchantments, unstealthy
A: no striking features
a: no special abilities


You were on level 3 of the Dungeon.
You were not hungry.

You visited 1 branch of the dungeon, and saw 3 of its levels.

You collected 68 gold pieces.

Inventory:

Hand Weapons
 o - a +1 short sword of venom (weapon)
Armour
 a - a +0 robe (worn)
Scrolls
 d - a scroll of amnesia {unknown}
 f - 5 scrolls of identify {unknown}
 g - 2 scrolls of remove curse {unknown}
 h - a scroll of enchant weapon {unknown}
 i - a scroll of teleportation {unknown}
 j - a scroll of recharging {unknown}
 k - 2 scrolls of magic mapping {unknown}
 m - a scroll of fog {unknown}
 r - 2 scrolls of immolation {unknown}
 s - a scroll of blinking {unknown}
 t - a scroll of enchant armour {unknown}
Potions
 e - 2 potions of might {unknown}
 l - a potion of flight {unknown}
 n - a potion of resistance {unknown}
 p - 2 potions of poison {unknown}
 q - a potion of brilliance {unknown}
Books
 b - a book of Conjurations

   Spells                             Type                      Level
   a - Magic Dart                     Conjuration                  1
   b - Searing Ray                    Conjuration                  2
   c - Dazzling Spray                 Conjuration/Hexes            3
   d - Fulminant Prism                Conjuration/Hexes            4
   e - Iskenderun's Mystic Blast      Conjuration                  4
   f - Iskenderun's Battlesphere      Conjuration/Charms           5
Comestibles
 c - 5 bread rations


   Skills:
 - Level 2.4 Dodging
 - Level 2.4 Stealth
 + Level 4.1 Spellcasting
 * Level 5.7 Conjurations


You had 6 spell levels left.
You knew the following spells:

 Your Spells              Type           Power        Failure   Level  Hunger
a - Magic Dart            Conj           ####         1%          1    None
b - Iskenderun's Mystic   Conj           ####....     14%         4    ####...


Dungeon Overview and Level Annotations

Branches:
Dungeon (3/15)

Altars:

Annotations:
D:3 Purgy


Message History

Confirm with . or Enter, or press ? or * to list all spells.
Aiming: Iskenderun's Mystic Blast
Press: ? - help, Shift-Dir - straight line, f - Purgy
Aim: Purgy The orb of energy hits Purgy.
Purgy is heavily wounded.
The orb of energy explodes!
Purgy closely misses you. Purgy claws you. Purgy completely misses you.
Casting: Iskenderun's Mystic Blast
Confirm with . or Enter, or press ? or * to list all spells.
Aiming: Iskenderun's Mystic Blast
Press: ? - help, Shift-Dir - straight line, f/p - Purgy
Aim: Purgy (heavily wounded)
The orb of energy misses Purgy.
Purgy bites you. Purgy claws you.
* * * LOW HITPOINT WARNING * * *
Purgy barely misses you.
You hit Purgy but do no damage.
Purgy is poisoned.
Purgy is moderately wounded.
Purgy bites you.
You die...

##+# #... #... #########
#####... ##≈≈≈≈≈≈≈##
........ #≈#######≈#
###.... #≈# #≈# ####..)#
#≈# #T# #######......#
#.# #@# ..........#..#
#.# #≈# #............#
#≈# #≈# #............#
#≈#####.#≈#
#............#
##≈≈≈T≈##.#
#.............
#######.##########'#'##..
#................#.##..
#.################.##..
#...##..


You could see Purgy.

Vanquished Creatures
  An adder (D:3)
  A gnoll (D:2)
  3 worms (D:2)
  A giant gecko (D:1)
  10 bats
  2 giant cockroaches
  5 goblins
  2 hobgoblins
  4 jackals (D:1)
  8 kobolds
  A giant newt (D:1)
  10 rats
48 creatures vanquished.

Notes
Turn   | Place    | Note
--------------------------------------------------------------
     0 | D:1      | lorenzova the Deep Elf Conjurer began the quest for the Orb.
     0 | D:1      | Reached XP level 1. HP: 10/10 MP: 6/6
   198 | D:1      | Reached XP level 2. HP: 13/15 MP: 4/8
   424 | D:1      | Reached skill level 5 in Conjurations
  1023 | D:2      | Reached XP level 3. HP: 19/19 MP: 2/10
  2213 | D:3      | Reached XP level 4. HP: 16/24 MP: 4/12
  2245 | D:3      | Learned a level 4 spell: Iskenderun's Mystic Blast
  2353 | D:3      | Noticed Purgy
  2380 | D:3      | Slain by Purgy

Action                   |  1- 3 |  4- 6 || total
-------------------------+-------+-------++-------
Melee: Unarmed           |    16 |       ||    16
       Short sword       |     2 |     1 ||     3
 Cast: Magic Dart        |    99 |    10 ||   109
       Iskenderun's Myst |       |     2 ||     2
  Eat: Meat ration       |     1 |       ||     1
